Map: Prion Terraces

Players

Sanguine

  • Race: Terran Terran
  • League: Master

Gray

  • Race: Terran Terran

Innovator - Winner!

  • Race: Protoss Protoss
  • League: Master

VOD

Have the link to the VOD?

Description

Time

  • Played on: March 7, 2016, 7:53 p.m.
  • Length: 14:13
Show
View Real Time Build Order
Export as new Build Order

Sanguine Terran 

Build Orders: MMM Bio 

Get SALT Encoding   

  12  0:00  SCV  
  13  0:12  SCV  
  14  0:17  Supply Depot  
  14  0:24  SCV  
  15  0:39  SCV, Barracks  
  16  0:44  Refinery  
  16  0:51  SCV  
  17  1:03  SCV  
  18  1:15  SCV  
  19  1:28  Barracks Reactor, Orbital Command  
  19  1:44  Command Center  
  19  1:54  SCV, Supply Depot  
  20  2:04  Marine x2  
  20  2:06  SCV  
  23  2:13  Barracks  
  23  2:20  Barracks  
  23  2:22  SCV  
  24  2:27  Marine x2  
  26  2:39  SCV  
  27  2:45  Marine x2  
  29  2:52  SCV  
  29  2:56  Orbital Command  
  30  3:01  Barracks Tech Lab  
  30  3:02  Marine  
  30  3:03  Marine  
  30  3:04  SCV  
  33  3:07  Barracks Tech Lab  
  33  3:16  SCV, Refinery  
  34  3:21  Stimpack  
  34  3:22  SCV, Marauder  
  39  3:27  Marine, Marauder  
  39  3:29  Marine  
  39  3:32  SCV  
  42  3:35  SCV  
  42  3:40  Supply Depot  
  43  3:44  SCV  
  43  3:46  Marauder  
  46  3:51  Concussive Shells  
  46  4:01  Marine x2  
  46  4:02  Marauder, SCV x2  
  52  4:03  Supply Depot  
  52  4:10  Refinery  
  52  4:14  SCV  
  53  4:18  Engineering Bay  
  53  4:20  SCV  
  53  4:22  Factory  
  54  4:25  Marauder  
  54  4:26  Marine, Engineering Bay  
  54  4:28  Marine  
  58  4:34  SCV x2  
  60  4:40  Marauder  
  60  4:42  Combat Shields  
  62  4:47  Missile Turret  
  62  4:48  Supply Depot  
  62  4:52  Missile Turret  
  62  4:56  Supply Depot  
  62  5:01  Missile Turret  
  62  5:04  Terran Infantry Weapons Level 1  
  62  5:09  SCV x2  
  64  5:15  Starport  
  64  5:17  Factory Reactor, Supply Depot  
  64  5:20  Marine x2  
  65  5:21  SCV  
  63  5:32  Marine, SCV  
  63  5:33  Marauder  
  63  5:34  SCV  
  67  5:35  Supply Depot  
  67  5:38  Marine  
  68  5:44  SCV  
  68  5:46  SCV  
  68  5:49  Missile Turret  
  70  5:51  Marauder  
  70  5:56  SCV  
  73  5:59  Medivac  
  73  6:02  Medivac, Supply Depot  
  73  6:04  SCV  
  78  6:08  SCV  
  78  6:10  Marine x2  
  81  6:11  Marine  
  81  6:12  Marine  
  83  6:27  Factory Reactor  
  83  6:28  Marine x2  
  83  6:29  Marine  
  83  6:30  Marine  
  89  6:33  Viking  
  89  6:34  Viking  
  89  6:37  SCV x2  
  93  6:46  Marine x2  
  95  6:47  Marauder  
  95  6:49  Marauder  
  95  6:50  SCV  
  95  6:51  SCV  
  101  7:00  Command Center  
  100  7:04  Marine  
  101  7:11  Marine  
  102  7:19  Marine  
  101  7:23  Medivac  
  101  7:24  Medivac  
  101  7:25  Marauder  
  101  7:29  Marine x2, Widow Mine x2  
  76  7:38  Marauder  
  77  7:46  Marine  
  77  7:47  Barracks  
  77  7:49  Marine, SCV  
  77  7:50  Marine, SCV  
  77  7:51  Barracks  
  82  7:53  Medivac  
  82  7:54  Refinery  
  82  7:57  Supply Depot  
  84  7:58  Marine  
  84  8:01  SCV, Terran Infantry Armor Level 1  
  84  8:02  SCV  
  84  8:03  Missile Turret  
  84  8:04  Marauder  
  88  8:24  Marine x3  
  88  8:26  Marauder  
  91  8:29  Widow Mine x2  
  91  8:30  Medivac x2  
  96  8:38  Orbital Command  
  96  8:39  Barracks Tech Lab, Barracks Reactor  
  96  8:41  Missile Turret  
  96  8:42  Marauder  
  96  8:47  Barracks  
  93  8:56  SCV  
  93  8:57  SCV  
  91  9:04  SCV  
  91  9:05  Marine  
  91  9:06  Marine  
  91  9:08  Marine, SCV  
  91  9:09  SCV  
  88  9:10  Widow Mine  
  88  9:16  SCV  
  88  9:20  Marine x2  
  88  9:21  SCV  
  93  9:28  Marine x2, SCV  
  97  9:32  SCV  
  97  9:33  SCV  
  97  9:37  Marine  
  95  9:40  Marine  
  95  9:41  SCV  
  95  9:42  Marine x2  
  95  9:44  SCV, Barracks Tech Lab  
  95  9:45  SCV  
  98  9:53  SCV  
  98  9:54  Command Center, Marine  
  98  9:55  Marauder  
  98  9:56  SCV  
  98  9:57  SCV  
  104  10:05  SCV, Armory  
  104  10:07  Marine x2  
  104  10:08  SCV, Marauder  
  104  10:09  Marine x2  
  104  10:10  Marine  
  104  10:12  Marine  
  113  10:14  Marine  
  105  10:36  Marine x2  
  105  10:37  Marine x2, Marauder x3  
  105  10:40  Marine  
  105  10:41  Marine  
  107  10:54  Marine x2  
  108  11:00  Marine x2, Marauder  
  93  11:04  Marine x2  
  93  11:05  Marauder x2  
  71  11:12  Marine x2  
  71  11:13  Widow Mine x2  
  71  11:15  Raven  
  71  11:18  Marine x2  
  78  11:22  Marine x2, Marauder  
  74  11:31  SCV  
  72  11:35  Orbital Command  
  71  11:49  SCV  
  71  11:56  Terran Infantry Weapons Level 2  
  71  12:03  Marine, Missile Turret  
  71  12:07  SCV  
  68  12:16  Marine x2  
  68  12:17  Marauder  
  69  12:33  Marine x3  
  69  12:34  Marauder x2  
  60  12:41  Marine  
  60  12:42  Marauder  
  43  12:47  SCV  
  43  12:48  SCV  
  42  12:51  SCV  
  42  12:55  Marine  
  42  12:57  Marine  
  45  13:02  Orbital Command  
  43  13:06  Marine  
  43  13:07  Marauder  
  44  13:15  Missile Turret  
  44  13:17  Engineering Bay  
  44  13:21  SCV x2  
  46  13:30  SCV  
  46  13:33  SCV, Medivac  
  50  13:35  Medivac  
Show
View Real Time Build Order
Export as new Build Order

Gray Terran 

Build Orders:  

Get SALT Encoding   

  12  0:02  Probe (Chrono Boost)  
  13  0:12  Probe (Chrono Boost)  
  14  0:18  Pylon  
  14  0:23  Probe (Chrono Boost)  
  15  0:36  Probe (Chrono Boost)  
  15  0:37  Gateway  
  16  0:47  Probe (Chrono Boost)  
  17  0:57  Probe (Chrono Boost)  
  18  1:12  Nexus  
  18  1:18  Assimilator  
  18  1:20  Probe (Chrono Boost)  
  18  1:24  Assimilator  
  19  1:34  Cybernetics Core  
  19  1:38  Probe (Chrono Boost)  
  20  1:50  Pylon, Probe (Chrono Boost)  
  21  2:00  Probe (Chrono Boost)  
  22  2:11  Mothership Core (Chrono Boost)  
  22  2:12  Adept  
  26  2:20  Warp Gate  
  26  2:28  Probe (Chrono Boost)  
  26  2:29  Probe (Chrono Boost)  
  28  2:38  Probe (Chrono Boost)  
  28  2:40  Probe (Chrono Boost)  
  28  2:43  Twilight Council  
  29  2:49  Probe (Chrono Boost)  
  29  2:50  Probe (Chrono Boost)  
  31  3:00  Robotics Facility  
  31  3:03  Probe (Chrono Boost)  
  32  3:07  Assimilator  
  32  3:12  Probe (Chrono Boost)  
  33  3:13  Probe (Chrono Boost)  
  33  3:17  Pylon  
  34  3:22  Probe (Chrono Boost)  
  34  3:24  Probe (Chrono Boost)  
  36  3:30  Dark Shrine  
  36  3:33  Probe (Chrono Boost)  
  37  3:37  Gateway  
  37  3:38  Stalker  
  37  3:45  Probe (Chrono Boost)  
  37  3:47  Probe (Chrono Boost)  
  41  3:48  Warp Prism  
  43  3:58  Probe (Chrono Boost)  
  43  3:59  Probe (Chrono Boost)  
  45  4:04  Gateway  
  45  4:07  Pylon  
  45  4:12  Probe (Chrono Boost)  
  46  4:22  Observer  
  46  4:24  Nexus  
  46  4:27  Pylon  
  47  4:35  Probe x2 (Chrono Boost)  
  47  4:36  Assimilator  
  49  4:42  Pylon  
  49  4:48  Probe (Chrono Boost)  
  51  4:53  Probe (Chrono Boost)  
  51  4:57  Dark Templar x3, Immortal  
  58  5:00  Probe (Chrono Boost)  
  58  5:07  Probe (Chrono Boost)  
  63  5:12  Probe (Chrono Boost)  
  64  5:19  Probe (Chrono Boost)  
  65  5:24  Probe (Chrono Boost)  
  64  5:28  Charge  
  64  5:31  Probe (Chrono Boost)  
  64  5:35  Immortal  
  64  5:36  Probe (Chrono Boost)  
  69  5:43  Probe (Chrono Boost)  
  69  5:46  Pylon x2  
  69  5:51  Gateway  
  69  5:52  Zealot, Pylon, Gateway  
  69  5:53  Zealot, Pylon  
  75  5:57  Probe x2 (Chrono Boost)  
  75  6:06  Probe (Chrono Boost)  
  75  6:08  Zealot  
  78  6:13  Gateway  
  78  6:15  Gateway  
  78  6:19  Zealot  
  78  6:20  Zealot  
  78  6:24  Immortal  
  84  6:28  Probe x2 (Chrono Boost)  
  84  6:32  Dark Templar  
  87  6:40  Dark Templar  
  87  6:45  Zealot  
  87  6:46  Zealot x2  
  94  6:52  Gateway, Probe (Chrono Boost)  
  94  6:53  Probe x2 (Chrono Boost)  
  94  6:54  Gateway  
  94  6:55  Pylon  
  94  6:57  Pylon  
  94  7:02  Templar Archives  
  94  7:03  Immortal  
  94  7:05  Dark Templar, Forge, Probe x2 (Chrono Boost)  
  94  7:08  Dark Templar  
  104  7:15  Zealot x2, Stalker  
  106  7:23  Probe x2 (Chrono Boost)  
  106  7:29  Probe (Chrono Boost)  
  101  7:35  Zealot, Protoss Ground Armor Level 1, Probe x2 (Chrono Boost)  
  101  7:36  Zealot x2  
  101  7:41  Dark Templar  
  103  7:51  Photon Cannon  
  103  7:52  Pylon  
  103  7:56  Photon Cannon  
  103  7:59  Stalker x2  
  103  8:00  Zealot, Stalker  
  103  8:03  Assimilator  
  103  8:04  Assimilator  
  111  8:09  Psionic Storm  
  111  8:17  Pylon  
  111  8:26  Zealot x2  
  111  8:27  Zealot x4  
  117  8:34  Photon Cannon  
  123  8:35  Photon Cannon  
  123  8:38  Dark Templar  
  123  8:40  Zealot x2  
  127  8:46  Zealot  
  127  8:47  Zealot x2  
  127  8:48  Pylon x2  
  126  8:57  Dark Templar x3  
  126  9:08  Stalker x3  
  132  9:14  Archon  
  132  9:27  Pylon  
  132  9:31  High Templar x2  
  136  9:32  Pylon  
  136  9:34  Protoss Ground Armor Level 2  
  134  9:45  Forge  
  134  9:47  Nexus  
  134  9:49  Assimilator  
  134  9:51  Assimilator  
  134  9:53  Photon Cannon  
  134  9:54  Photon Cannon, Pylon  
  134  9:56  High Templar  
  134  9:57  Photon Cannon  
  136  10:01  Pylon  
  136  10:06  Zealot x3  
  136  10:07  Pylon  
  142  10:10  Observer  
  143  10:14  Zealot x2  
  143  10:15  Zealot  
  149  10:24  Nexus  
  149  10:28  Blink  
  149  10:31  Probe (Chrono Boost)  
  149  10:34  Archon  
  140  10:39  Protoss Ground Weapons Level 1  
  141  10:42  Observer  
  141  10:48  Zealot x4  
  145  10:50  High Templar  
  125  11:05  Zealot x3  
  105  11:22  High Templar  
  105  11:23  High Templar  
  103  11:27  Nexus  
  93  11:39  High Templar x3  
  93  11:44  Stalker  
  93  11:48  Dark Templar  
  93  11:54  Immortal  
  95  11:56  High Templar x3  
  103  12:02  Zealot  
  105  12:14  Zealot x4  
  105  12:15  Archon x2  
  98  12:25  Archon x2  
  90  12:31  Dark Templar x4  
  93  12:37  Zealot x2  
  87  13:17  Nexus  
  87  13:19  High Templar, Archon  
  89  13:20  High Templar  
  89  13:21  High Templar  
  89  13:25  Archon  
  89  13:26  High Templar  
  95  13:28  High Templar  
  98  13:34  Probe (Chrono Boost)  
  98  13:39  Stalker  
  100  13:58  Zealot x2  
  100  13:59  Zealot  
  102  14:09  Stalker  
Show
View Real Time Build Order
Export as new Build Order

Innovator Protoss - Winner!

Build Orders:  

Get SALT Encoding   

Tags
 
Add a new tag
Caveats
  • Supply blocks, unpowered buildings, or Contaminate may cause inaccurate times.
  • Supply counts are checked every 10 seconds.